 Dungeon Crawl Stone Soup version 0.30-a0-618-gd6c86c23d0 (webtiles) character file.

Game seed: 1009788812435822658

277 NinjaNoafa the Trooper (level 6, -7/42 (51) HPs)
             Began as a Merfolk Monk on Jan 9, 2023.
             Mangled by Edmund
             ... wielding a +4 flail of draining
              (13 damage)
             ... on level 5 of the Dungeon.
             The game lasted 00:08:52 (4798 turns).

NinjaNoafa the Trooper (Merfolk Monk)               Turns: 4798, Time: 00:08:53

HP:   -7/42 (51)    AC:  4    Str: 11    XL:     6   Next: 25%
MP:   6/6           EV: 14    Int: 10    God:
Gold: 155           SH:  0    Dex: 18    Spells: 5/5 levels left

rFire   + + .      SeeInvis .    a - +0 falchion
rCold   + . .      Faith    .    (no shield)
rNeg    . . .      Spirit   .    k - +0 leather armour
rPois   +          Reflect  .    (no helmet)
rElec   +          Harm     .    (no cloak)
rCorr   +          Rampage  .    m - +0 pair of gloves
Will    .....                    (no boots)
Stlth   ++                       (no amulet)
HPRegen 0.27/turn                t - ring of protection from fire
MPRegen 0.10/turn                w - ring of flight

@: resistant, flying, heavily drained
A: (nimble swimmer 2), mertail
a: no special abilities


You were on level 5 of the Dungeon.
You visited 1 branch of the dungeon, and saw 5 of its levels.

You collected 211 gold pieces.
You spent 56 gold pieces at shops.

Inventory:

Hand Weapons
 a - a +0 falchion (weapon)
Missiles
 q - 9 poisoned darts (quivered)
Armour
 k - a +0 leather armour (worn)
 m - a +0 pair of gloves (worn)
Jewellery
 c - a ring of magical power
 t - a ring of protection from fire (left hand)
 u - a +6 ring of intelligence
 w - a ring of flight (right hand)
Wands
 s - a wand of light (3)
Scrolls
 g - 2 scrolls of fog {unknown}
 h - a scroll of enchant armour {unknown}
 i - a scroll of enchant weapon {unknown}
 j - a scroll of vulnerability
 o - a scroll of teleportation
 p - a scroll of magic mapping {unknown}
 v - 3 scrolls of torment
 x - a scroll of brand weapon {unknown}
Potions
 d - a potion of cancellation
 e - 4 potions of brilliance
 f - 3 potions of curing
 n - a potion of flight


   Skills:
 - Level 5.5 Fighting
 - Level 4.5 Long Blades
 - Level 1.0 Throwing
 - Level 5.0 Dodging
 - Level 3.2 Stealth
 + Level 1.6 Evocations


You had 5 spell levels left.
You didn't know any spells.
Your spell library was empty.

Dungeon Overview and Level Annotations

Branches:
Dungeon (5/15)
 Temple: D:4-7

Altars:
Makhleb

Shops:
D:1 *

Annotations:
D:5 Edmund


Innate Abilities, Weirdness & Mutations

((You are very nimble when in or above water. (Stealth+, EV+, Speed+++)))
Your lower body shifts to a powerful aquatic tail in water.


Message History

You hit Edmund but do no damage.
Edmund hits you with a +4 flail of draining!
You feel drained.
Aiming: Bolt of Light
Press: ? - help, Shift-Dir - straight line, f - Edmund
Aim: Edmund, wielding a +4 flail of draining and wearing a +0 ring mail (75% to hit)
The bolt of light hits Edmund.
Edmund is lightly wounded.
Edmund is blinded.
Edmund hits you with a +4 flail of draining!
You feel drained.
Aiming: Bolt of Light
Press: ? - help, Shift-Dir - straight line, f/p - Edmund
Aim: Edmund, wielding a +4 flail of draining and wearing a +0 ring mail (lightly wounded, blind, 75% to hit)
The bolt of light hits Edmund!
Edmund is heavily wounded.
Edmund barely misses you.
You hit Edmund.
Edmund is heavily wounded.
Edmund hits you with a +4 flail of draining!
* * * LOW HITPOINT WARNING * * *
You feel drained.
* * * LOW HITPOINT WARNING * * *
There is a stone staircase leading up here.
You feel better.
Edmund hits you with a +4 flail of draining.
* * * LOW HITPOINT WARNING * * *
You feel drained.
It was a potion of magic.
Magic courses through your body.
Edmund hits you with a +4 flail of draining.
* * * LOW HITPOINT WARNING * * *
You feel drained.
Okay, then.
It was a potion of flight.
You feel more buoyant. Edmund misses you.
It was a potion of resistance.
You feel protected.
Edmund hits you with a +4 flail of draining!
You die...

..
##########..#
#....#..$....
#...@@.......
#...........#
#....#......#
#....########
#....# ######


You could see Edmund (blind).

Vanquished Creatures
  An orc priest (D:4)
  An orc wizard (D:4)
  Terence (D:3)
  7 gnolls
  7 adders
  A worm (D:4)
  6 orcs (D:4)
  4 bats
  6 endoplasms
  2 giant cockroaches
  3 goblins
  8 hobgoblins
  3 jackals (D:4)
  5 kobolds
  4 ball pythons
  3 frilled lizards
  3 rats
65 creatures vanquished.

Notes
Turn   | Place    | Note
-------+----------+-------------------------------------------
     0 | D:1      | NinjaNoafa the Merfolk Monk began the quest for the Orb.
     0 | D:1      | Reached XP level 1. HP: 18/18 MP: 1/1
   171 | D:1      | Found Ytoont's General Store.
   182 | D:1      | Reached XP level 2. HP: 18/24 MP: 2/2
  1043 | D:2      | Reached XP level 3. HP: 20/30 MP: 3/3
  1416 | D:1      | Reached XP level 4. HP: 13/37 MP: 4/4
  1552 | D:1      | Bought a potion of might for 56 gold pieces
  2185 | D:3      | Noticed Terence
  2206 | D:3      | Killed Terence
  2207 | D:3      | Reached skill level 5 in Dodging
  2643 | D:3      | Reached XP level 5. HP: 43/43 MP: 5/5
  2826 | D:3      | Found a faded altar of an unknown god.
  3532 | D:4      | Reached skill level 5 in Fighting
  3964 | D:3      | Reached XP level 6. HP: 25/51 MP: 6/6
  4065 | D:4      | Reached skill level 1 in Evocations
  4395 | D:4      | Found a burning altar of Makhleb.
  4490 | D:4      | Reached skill level 1 in Throwing
  4787 | D:5      | Entered Level 5 of the Dungeon
  4787 | D:5      | Noticed Edmund
  4798 | D:5      | Mangled by Edmund

Illustrated notes

Levels and vault maps discovered:
D:1:      dpeg_arrival_erosion, layout_basic, serial_shops, shop,
          chequers_serial_rivers_micro_b, minmay_tall_x
D:2:      layout_basic
D:3:      layout_loops_ring, shapermc_ecumenical_altar_mp_highgroup,
          minmay_diced_spiral, uniq_terence
D:4:      layout_loops_ring, mainiacjoe_overflow_tiny_flanked
D:5:      layout_rooms, lemuel_tele_altar, uniq_duvessa, uniq_edmund

Skill      XL: |  1  2  3  4  5  6 |
---------------+-------------------+-----
Long Blades    | 4 |  4.5
Stealth        | 3 |  3.2
Fighting       | 4 5 |  5.5
Dodging        | 5 |  5.0
Evocations     | 1 |  1.6
Throwing       | 1 |  1.0

Action                   |  1- 3 |  4- 6 || total
-------------------------+-------+-------++-------
Melee: Falchion          |    92 |   194 ||   286
       Punch             |       |     2 ||     2
Throw: Throwing net      |     3 |     1 ||     4
       Dart              |       |    21 ||    21
Evoke: Wand              |       |     2 ||     2
  Use: Potion            |     1 |     7 ||     8
       Scroll            |       |     5 ||     5
 Stab: Sleeping          |     6 |    10 ||    16
       Distracted        |     1 |     1 ||     2
       Held in net/web   |     1 |     1 ||     2
Armor: Robe              |    21 |    16 ||    37
       Leather armour    |       |     1 ||     1
Dodge: Dodged            |    95 |   145 ||   240

Table legend: (Time is in decaauts)
 A = Elapsed time spent in this place.
 B = Non-inter-level travel time spent in this place.
 C = Inter-level travel time spent in this place.
 D = Time resting spent in this place.
 E = Time spent auto-exploring this place.
 F = Levels seen in this place.
 G = Mean time per level.
                   A        B        C        D        E       F      G
               +--------+--------+--------+--------+--------+-----+--------+
         Total |   4822 |   4530 |    292 |     92 |   3494 |   5 |  964.4 |
       Dungeon |   4822 |   4530 |    292 |     92 |   3494 |   5 |  964.4 |
               +--------+--------+--------+--------+--------+-----+--------+

Top non-repeatable levels by time:
     D:3: 1392 daAuts
     D:4: 1188 daAuts
     D:1: 1147 daAuts
     D:2: 1083 daAuts
     D:5: 11 daAuts
